 Dungeon Crawl Stone Soup version 0.31.0-32-g396128a36d (webtiles) character file.

Game seed: 11508030438907021800

243092 po7itron the Warrior (level 18, -23/178 HPs)
             Began as a Minotaur Fighter on Mar 31, 2024.
             Was a High Priest of Okawaru.
             Annihilated by a +2 antimagic lajatang (30 damage)
             ... on level 2 of the Elven Halls.
             The game lasted 01:47:49 (32461 turns).

po7itron the Warrior (Minotaur Fighter)            Turns: 32461, Time: 01:47:50

Health: -23/178    AC: 29    Str: 29    XL:     18   Next: 69%
Magic:  1/7        EV: 13    Int:  5    God:    Okawaru [*****.]
Gold:   745        SH:  0    Dex: 13    Spells: 17/17 levels left

rFire   + . .        v - +8 Wrath of Trog {antimagic, *Rage Rampage}
rCold   + . .        (shield currently unavailable)
rNeg    . . .        G - +4 plate armour {rF+}
rPois   +            W - +1 hat {SInv}
rElec   .            M - +1 cloak "Coapif" {Fly rPois Will+ Stlth-}
rCorr   .            m - +1 pair of gloves
SInv    +            L - +1 pair of boots {rampage}
Will    ++++.        Z - amulet of regeneration Stlth
                     P - ring "Ytzytoke" {rC+ Str+3}
HPRegen 1.29/turn    g - ring of willpower
MPRegen 0.10/turn

%: random rage (50%), rampage
@: mighty, lethally poisoned (-23 -> -25), about to teleport, on berserk
cooldown, flying, slowed, very slow
A: horns 2, retaliatory headbutt, low MP 1, strong-willed 1, inability to drink
after injury 1
}: 2/15 runes: decaying, gossamer
a: Renounce Religion, Heroism, Finesse, Duel


You were on level 2 of the Elven Halls.
You worshipped Okawaru.
Okawaru was extremely pleased with you.
You visited 7 branches of the dungeon, and saw 30 of its levels.
You also visited: Sewer and Ossuary.

You collected 3222 gold pieces.
You spent 2477 gold pieces at shops.

Inventory:

Hand Weapons
 l - a +5 broad axe of flaming
 v - the +8 Wrath of Trog (weapon) {antimagic, *Rage Rampage}
   (You bought it in a shop on level 2 of the Orcish Mines)

   It causes slowness and exhaustion when equipped.
   It extends the wielder's berserk rage when killing foes.
   *Rage:     It berserks you when you make melee attacks (+50% chance).
   Rampage:   It bestows one free step when moving towards enemies.
 C - the +10 long sword "Gouf" {venom, rN+ Dex+5}
   (You found it on level 5 of the Dungeon)

   Dex+5:     It affects your dexterity (+5).
   rN+:       It protects you from negative energy.
 U - the +16 obsidian axe {drain, demonic, Mesm ^Drain Fly SInv}
   (You found it on level 2 of the Spider Nest)

   Mesm:      Its wielder is mesmerised by any visible foes, and it cannot be
   unequipped while any foes are visible.
   SInv:      It lets you see invisible.
   Fly:       It grants you flight.
   ^Drain:    It drains your maximum health when unequipped.
Missiles
 a - 2 throwing nets
Armour
 b - a +1 tower shield of fire resistance
 m - a +1 pair of gloves (worn)
 B - a +3 ring mail of willpower
 E - the +2 cloak of Instinct {rCorr}
   (You bought it in a shop on level 4 of the Dungeon)

   rCorr:     It protects you from acid and corrosion.
 G - a +4 plate armour of fire resistance (worn)
 L - a +1 pair of boots of rampaging (worn)
 M - the +1 cloak "Coapif" (worn) {Fly rPois Will+ Stlth-}
   (Okawaru gifted it to you on level 4 of the Lair of Beasts)

   rPois:     It protects you from poison Will+: It increases your willpower.
   Fly:       It grants you flight.
   Stlth-:    It makes you less stealthy.
 W - a +1 hat of see invisible (worn)
Jewellery
 e - a ring of ice
 g - a ring of willpower (right hand)
 j - a +5 ring of evasion
 K - a +4 ring of slaying
 P - the ring "Ytzytoke" (left hand) {rC+ Str+3}
   (You found it on level 8 of the Dungeon)

   [ring of protection from cold]

   Str+3:     It affects your strength (+3).
   rC+:       It protects you from cold.
 Q - a +6 ring of strength
 X - a ring of positive energy
 Y - a +5 ring of evasion
 Z - an amulet of regeneration (around neck)
Wands
 o - a wand of iceblast (3)
 r - a wand of flame (112)
 u - a wand of polymorph (22)
 J - a wand of digging (18)
 S - a wand of light (26)
 V - a wand of mindburst (24)
Scrolls
 p - 5 scrolls of teleportation
 s - 5 scrolls of revelation
 w - a scroll of brand weapon
 y - 2 scrolls of enchant weapon
 F - 11 scrolls of identify
 H - 2 scrolls of vulnerability
 O - 2 scrolls of poison
Potions
 d - a potion of invisibility
 f - 5 potions of mutation
 h - 3 potions of brilliance
 k - 8 potions of ambrosia
 n - 9 potions of curing
 q - 6 potions of lignification
 t - 3 potions of berserk rage
 x - 6 potions of enlightenment
 z - 7 potions of magic
 A - 4 potions of attraction
Miscellaneous
 c - a lightning rod (4/4)
 R - a condenser vane (inert)


   Skills:
 - Level 20.0 Fighting
 - Level 1.1(8.3) Short Blades
 - Level 14.0 Long Blades
 + Level 17.4(17.5) Axes
 - Level 1.0(11.4) Maces & Flails
 - Level 0.6(11.4) Polearms
 - Level 0.8(1.2) Staves
 - Level 0.5 Ranged Weapons
 - Level 0.4 Throwing
 - Level 14.0 Armour
 - Level 14.1 Dodging
 - Level 10.0 Shields
 - Level 0.6 Unarmed Combat
 - Level 0.2 Spellcasting
 - Level 0.8 Conjurations
 - Level 0.4 Hexes
 - Level 0.3 Summonings
 - Level 0.5 Necromancy
 - Level 0.3 Translocations
 - Level 0.3 Fire Magic
 - Level 0.3 Ice Magic
 - Level 0.3 Air Magic
 - Level 0.4 Earth Magic
 - Level 0.3 Alchemy
 - Level 10.0 Invocations
 - Level 8.0 Evocations
 - Level 7.0 Shapeshifting


You had 17 spell levels left.
You didn't know any spells.
Your spell library contained the following spells:

 Spells                   Type           Power      Damage    Failure   Level
 Magic Dart               Conj           0%         1d3       92%         1
 Foxfire                  Conj/Fire      0%         2x1d4     94%         1
 Sting                    Conj/Alch      0%         1d3       94%         1
 Necrotise                Necr           0%         1d4       95%         1
 Slow                     Hex            0%         N/A       95%         1
 Apportation              Tloc           0%         N/A       96%         1
 Searing Ray              Conj           0%         2d4       98%         2
 Confusing Touch          Hex            0%         N/A       100%        3
 Sigil of Binding         Hex            0%         N/A       100%        3
 Vampiric Draining        Necr           0%         2d6       100%        3
 Volatile Blastmotes      Fire/Tloc      0%         2d10      100%        3
 Fulminant Prism          Conj/Alch      0%         3d5       100%        4
 Iskenderun's Mystic Bla  Conj/Tloc      0%         2d3       100%        4
 Sticky Flame             Fire/Alch      0%         2d4       100%        4
 Alistair's Intoxication  Alch           0%         N/A       100%        5
 Borgnjor's Vile Clutch   Necr/Erth      0%         N/A       100%        5
 Curse of Agony           Necr           0%         N/A       100%        5
 Lee's Rapid Deconstruct  Erth           0%         3d4*      100%        5
 Eringya's Noxious Bog    Alch           0%         4d6       100%        6
 Plasma Beam              Fire/Air       0%         2x1d10    100%        6
 Starburst                Conj/Fire      0%         6d3       100%        6
 Chain Lightning          Conj/Air       0%         N/A       100%        9
 Summon Small Mammal      Summ           Unusable   N/A       N/A         1
 Call Imp                 Summ           Unusable   N/A       N/A         2
 Animate Armour           Summ/Erth      Unusable   N/A       N/A         4
 Martyr's Knell           Necr/Summ      Unusable   N/A       N/A         4
 Summon Lightning Spire   Summ/Air       Unusable   N/A       N/A         4

Dungeon Overview and Level Annotations

Branches:
Dungeon (12/15)            Temple (1/1) D:4            Lair (5/5) D:11
  Swamp (4/4) Lair:3       Spider (4/4) Lair:3        Slime (0/5) Lair:4
    Orc (2/2) D:9             Elf (2/3) Orc:2         Sewer (visited)
Ossuary (visited)

Altars:
Ashenzari
Cheibriados
Dithmenos
Elyvilon
Fedhas
Gozag
Hepliaklqana
Kikubaaqudgha
Makhleb
Nemelex Xobeh
Okawaru
Qazlal
Ru
Sif Muna
Trog
Uskayaw
Vehumet
Wu Jian
Xom
Yredelemnul
Zin
The Shining One
Jiyva

Shops:
D:2 (   D:4 *   D:10 (   Orc:1 [   Orc:2 ([*((

Annotations:
D:5 2 runed translucent doors
D:11 1 transporter
Lair:1 exclusion: oklob plant
Spider:1 exclusion: 2 ice statues


Innate Abilities, Weirdness & Mutations

You have a pair of horns on your head.
You reflexively headbutt those who attack you in melee.
Your magical capacity is low. (-10% MP)
You are strong-willed. (Will+)
You occasionally lose the ability to drink potions when taking damage.


Message History

You headbutt the +2 antimagic lajatang!!
The +2 trident of venom is engulfed in blazing flames.
The +2 trident of venom hits you but does no damage.
The +2 antimagic lajatang hits you!!
* * * LOW HITPOINT WARNING * * *
Okay, then.
You completely miss the +2 antimagic lajatang.
The +2 antimagic lajatang is severely damaged.
The +2 trident of venom is engulfed in blazing flames.
The +2 trident of venom hits you from afar.
* * * LOW HITPOINT WARNING * * *
The +2 antimagic lajatang hits you.
* * * LOW HITPOINT WARNING * * *
The +2 trident of venom is engulfed in blazing flames.
The +2 trident of venom hits you but does no damage.
The +2 antimagic lajatang completely misses you.
You furiously retaliate!
You headbutt the +2 antimagic lajatang!
As you read the scroll of teleportation, it crumbles to dust.
You feel strangely unstable.
The +2 trident of venom is engulfed in blazing flames.
The +2 trident of venom hits you from afar.
* * * LOW HITPOINT WARNING * * *
You are poisoned.
The +2 antimagic lajatang hits you!
* * * LOW HITPOINT WARNING * * *
The +2 glaive of flaming hits you from afar.
* * * LOW HITPOINT WARNING * * *
The +2 trident of venom is engulfed in blazing flames.
The +2 trident of venom hits you from afar!
* * * LOW HITPOINT WARNING * * *
The +2 antimagic lajatang closely misses you.
The +2 glaive of flaming hits you from afar.
* * * LOW HITPOINT WARNING * * *
The +2 trident of venom is engulfed in blazing flames.
The +2 trident of venom hits you but does no damage.
You are more poisoned.
You feel mightier all of a sudden.
You feel very sick. The +2 antimagic lajatang hits you!!
You die...

....###.........# ...##
##)[.....# ...#
#.......# ..##
##......## ###
###.....### # ##..§...##
#...(§..# # ##...§§..##
### #....§@...# ..##
#......(§.....# ...#
#......§§..(....# ...##
##.......e.......#
....###.................
................e....§§.
............§........§..
............§.§......§.§
................


You could see a deep elf knight, a deep elf pyromancer and 3 dancing weapons.

Vanquished Creatures
  Mara (Spider:3)
  the Lernaean hydra (Swamp:3)
  Jorgrun (Swamp:3)
  Mlioglotl (Swamp:3)
  Zenata (Elf:1)
  A deep elf blademaster (Elf:2)
  Gastronok (Lair:1)
  The ghost of infcreate the Ruinous, an adept DECj of Vehumet (Elf:1)
  A thorn hunter (Swamp:2)
  Aizul (Elf:2)
  7 emperor scorpions
  A fenstrider witch (Swamp:4)
  A deep elf sorcerer (Elf:1)
  4 ghost moths
  Louise (Elf:2)
  3 broodmothers
  An orc warlord (Orc:1)
  A deep elf death mage (Elf:1)
  3 eleionomae
  6 bunyips
  A spark wasp (Spider:3)
  A dire elephant (Lair:5)
  5 entropy weavers
  2 ettins
  2 shambling mangroves
  2 jorogumos
  A ghost crab (Swamp:3)
  19 hydras
  4 alligators
  2 two-headed ogres (D:10)
  8 radroaches
  21 dancing weapons
  9 boulder beetles
  7 demonic crawlers
  9 deep elf knights
  4 skysharks
  3 goliath frogs
  5 pharaoh ants
  11 deep elf archers
  5 bog bodies
  11 swamp dragons
  6 orb spiders
  A slime creature (D:12)
  A spriggan druid (Swamp:3)
  23 deep elf zephyrmancers
  9 steelbarb worms
  22 deep elf pyromancers
  3 orc knights
  23 wolf spiders
  An orc sorcerer (Orc:1)
  An ugly thing (D:12)
  4 will-o-the-wisps
  A manticore (D:11)
  3 kobold blastminers (Orc:2)
  9 meliai
  2 cyclopes (D:11)
  6 moths of wrath
  18 elephants
  11 black mambas
  8 torpor snails
  A gargoyle (D:11)
  24 cane toads
  4 rime drakes
  8 komodo dragons
  2 kobold demonologists
  A polar bear (Lair:1)
  11 hornets
  9 tyrant leeches
  4 trolls
  Prince Ribbit (D:5)
  40 tarantellas
  4 dream sheep (Lair:3)
  24 culicivoras
  26 jumping spiders
  A slime creature (shapeshifter) (Elf:2)
  31 blink frogs
  3 air elementals (Elf:1)
  2 vampires (D:11)
  A spriggan (shapeshifter) (Elf:2)
  6 wyverns
  10 spriggans
  2 wraiths
  48 yaks
  2 wargs (Orc:1)
  A steam dragon (D:5)
  3 basilisks
  2 fire elementals
  68 redbacks
  14 vampire mosquitoes
  Menkaure (D:5)
  An acid dragon (D:8)
  26 swamp worms
  Edmund (D:6)
  18 water moccasins
  10 swamp drakes
  3 black bears
  39 orc warriors
  20 wolves
  6 ogres
  14 centaurs
  A weeping skull (Ossuary)
  A kobold brigand (D:12)
  15 bullfrogs
  A brain worm (Sewer)
  3 earth elementals (Elf:1)
  4 scorpions (D:5)
  6 water moccasin zombies (Ossuary)
  3 wights (D:10)
  11 killer bees
  An electric eel (Lair:5)
  3 bombardier beetles
  A howler monkey (D:9)
  A hound (D:6)
  2 gnoll boudas (D:7)
  6 jellies
  16 orc priests
  A spectral scorpion (Ossuary)
  2 iguanas
  A sleepcap (D:4)
  22 orc wizards
  A bullfrog simulacrum (Ossuary)
  2 mummies (Ossuary)
  13 gnolls
  22 adders
  4 river rats
  A shadow imp (D:5)
  2 adder zombies (Ossuary)
  6 dart slugs
  2 ribbon worms
  65 orcs
  6 endoplasms
  4 giant cockroaches
  9 gnoll zombies (Ossuary)
  12 goblins
  10 hobgoblins
  2 jackals (Sewer)
  14 kobolds
  3 quokkas (D:1)
  18 ball pythons
  13 bats
  7 frilled lizards
  3 jackal zombies (Ossuary)
  3 orc zombies (Ossuary)
  4 rats
1141 creatures vanquished.

Vanquished Creatures (others)
  2 tyrant leeches (Swamp:2)
  4 bloated husks (Swamp:2)
  A jumping spider (Spider:4)
  A swamp worm (Swamp:2)
  A swamp drake (Swamp:2)
  A wight (D:10)
  An orc (Orc:2)
  16 foxfires
27 creatures vanquished.

Grand Total: 1168 creatures vanquished

Notes
Turn   | Place    | Note
-------+----------+-------------------------------------------
     0 | D:1      | po7itron the Minotaur Fighter began the quest for the Orb.
     0 | D:1      | Reached XP level 1. HP: 19/19 MP: 0/0
   151 | D:1      | Reached XP level 2. HP: 26/27 MP: 1/1
   174 | D:1      | Reached skill level 4 in Fighting
   736 | D:1      | Reached XP level 3. HP: 28/33 MP: 2/2
   932 | D:2      | Found Tikos's Weapon Shop.
  1174 | D:2      | Reached XP level 4. HP: 41/41 MP: 3/3
  1399 | D:2      | Reached skill level 1 in Dodging
  1811 | D:3      | Reached XP level 5. HP: 47/47 MP: 4/4
  2133 | D:4      | Noticed an ogre
  2138 | D:4      | Killed an ogre
  2139 | D:4      | Reached skill level 5 in Axes
  2176 | D:4      | Found a staircase to the Ecumenical Temple.
  2220 | Temple   | Entered the Ecumenical Temple
  2230 | Temple   | Became a worshipper of Warmaster Okawaru
  2441 | D:4      | Reached XP level 6. HP: 55/55 MP: 5/5
  2476 | D:4      | Found a sand-covered staircase.
  2490 | Ossuary  | Entered an ossuary
  2500 | Ossuary  | Reached skill level 5 in Fighting
  2517 | Ossuary  | Reached * piety under Okawaru
  2596 | Ossuary  | Reached XP level 7. HP: 55/61 MP: 6/6
  3008 | D:4      | Found Qiuryj Zaza's Assorted Antiques.
  3167 | D:5      | Entered Level 5 of the Dungeon
  3210 | D:5      | Found a large runed translucent door.
  3215 | D:5      | Found a large runed translucent door.
  3219 | D:5      | Noticed a kobold demonologist
  3219 | D:5      | Noticed a yak
  3223 | D:5      | Found a large runed translucent door.
  3223 | D:5      | Found a large runed translucent door.
  3253 | D:5      | Noticed a yak
  3259 | D:5      | Killed a yak
  3259 | D:5      | Reached ** piety under Okawaru
  3260 | D:5      | Reached skill level 6 in Fighting
  3260 | D:5      | Reached XP level 8. HP: 46/70 MP: 7/7
  3262 | D:5      | Identified the +10 long sword "Gouf" {venom, rN+ Dex+5}
  3476 | D:5      | Reached skill level 5 in Long Blades
  3549 | D:5      | Identified the +1 lajatang "Bisa" {freeze, ^Fragile rN+
                  | Dex+3}
  3607 | D:5      | Noticed Prince Ribbit
  3614 | D:5      | Killed Prince Ribbit
  3735 | D:5      | Reached *** piety under Okawaru
  3773 | D:5      | Noticed a hornet
  3778 | D:5      | Killed a hornet
  3779 | D:5      | Reached XP level 9. HP: 75/75 MP: 8/8
  3954 | D:5      | Noticed Menkaure
  3959 | D:5      | Killed Menkaure
  4473 | D:5      | Killed a kobold demonologist
  4474 | D:5      | Reached skill level 10 in Long Blades
  4855 | D:4      | Bought a fading cloak for 313 gold pieces
  4855 | D:4      | Identified the +2 cloak of Instinct {rCorr} (You bought it
                  | in a shop on level 4 of the Dungeon)
  4914 | D:4      | Gained mutation: You are robust. (+10% HP) [potion of
                  | mutation]
  4914 | D:4      | Gained mutation: You have very sharp teeth. [potion of
                  | mutation]
  4915 | D:4      | Lost mutation: You have very sharp teeth. [potion of
                  | mutation]
  4915 | D:4      | Lost mutation: You are robust. (+10% HP) [potion of
                  | mutation]
  4915 | D:4      | Gained mutation: You have sharp toenails. [potion of
                  | mutation]
  4916 | D:4      | Lost mutation: You have sharp toenails. [potion of
                  | mutation]
  4916 | D:4      | Gained mutation: You are frail. (-10% HP) [potion of
                  | mutation]
  4917 | D:4      | Lost mutation: You are frail. (-10% HP) [potion of
                  | mutation]
  4917 | D:4      | Gained mutation: You are partially covered in iridescent
                  | scales. (AC +2) [potion of mutation]
  4917 | D:4      | Gained mutation: You are robust. (+10% HP) [potion of
                  | mutation]
  5067 | D:6      | Reached **** piety under Okawaru
  5242 | D:6      | Noticed Edmund
  5251 | D:6      | Killed Edmund
  5465 | D:6      | Found a glowing drain.
  5482 | Sewer    | Entered a sewer
  6684 | D:7      | Reached XP level 10. HP: 80/91 MP: 9/9
  7339 | D:8      | Found a radiant altar of Vehumet.
  7924 | D:8      | Identified the ring "Ytzytoke" {rC+ Str+3}
  8237 | D:9      | Found a staircase to the Orcish Mines.
  8501 | D:9      | Found a glowing silver altar of Zin.
  8502 | D:9      | Found a burning altar of Makhleb.
  8502 | D:9      | Found a basalt altar of Yredelemnul.
  8502 | D:9      | Found a broken altar of Ashenzari.
  8502 | D:9      | Found a snail-covered altar of Cheibriados.
  8503 | D:9      | Found an ancient bone altar of Kikubaaqudgha.
  8503 | D:9      | Found a hazy altar of Hepliaklqana.
  8503 | D:9      | Found a shimmering altar of Xom.
  8503 | D:9      | Found a shimmering blue altar of Sif Muna.
  8520 | D:9      | Found a blossoming altar of Fedhas.
  8522 | D:9      | Found a bloodstained altar of Trog.
  8522 | D:9      | Found a glowing golden altar of the Shining One.
  8523 | D:9      | Found a stormy altar of Qazlal.
  8693 | Orc:1    | Entered Level 1 of the Orcish Mines
  8716 | Orc:1    | Noticed an orc sorcerer
  8718 | Orc:1    | Noticed a rust devil
  8726 | Orc:1    | Killed an orc sorcerer
  8726 | Orc:1    | Reached ***** piety under Okawaru
  8727 | Orc:1    | Reached skill level 1 in Short Blades
  8727 | Orc:1    | Reached skill level 1 in Maces & Flails
  8737 | Orc:1    | Noticed an orc knight
  8747 | Orc:1    | Reached skill level 1 in Evocations
  8760 | Orc:1    | Killed an orc knight
  9017 | Orc:1    | Reached skill level 5 in Armour
  9025 | Orc:1    | Noticed an orc warlord
  9171 | D:9      | Reached XP level 11. HP: 94/100 MP: 8/10
  9212 | Orc:1    | Killed an orc warlord
  9212 | Orc:1    | Received a gift from Okawaru
  9213 | Orc:1    | Reached skill level 7 in Fighting
  9472 | Orc:1    | Found Picuebb's Antique Armour Shoppe.
  9528 | Orc:1    | Noticed an ettin
  9550 | Orc:1    | Killed an ettin
  9551 | Orc:1    | Reached skill level 5 in Shields
  9820 | Orc:1    | Bought a shiny plate armour for 780 gold pieces
  9952 | Orc:2    | Entered Level 2 of the Orcish Mines
  9952 | Orc:2    | Noticed an ettin
  9961 | Orc:2    | Killed an ettin
 10281 | Orc:2    | Found Vuivutto's Weapon Emporium.
 10626 | Orc:2    | Received a gift from Okawaru
 10627 | Orc:2    | Reached skill level 8 in Fighting
 10629 | Orc:2    | Noticed an orc knight
 10632 | Orc:2    | Noticed an orc knight
 10776 | Orc:2    | Found a burning altar of Makhleb.
 11125 | Orc:2    | Found a staircase to the Elven Halls.
 11285 | Orc:2    | Killed an orc knight
 11292 | Orc:2    | Killed an orc knight
 11293 | Orc:2    | Reached skill level 9 in Fighting
 11294 | Orc:2    | Reached skill level 5 in Evocations
 11508 | Orc:2    | Received a gift from Okawaru
 11697 | Orc:2    | Found Guyrr's Armour Emporium.
 11697 | Orc:2    | Found Tate's General Store.
 11700 | Orc:2    | Found Lojompost's Weapon Boutique.
 11702 | Orc:2    | Found Notaz's Weapon Shoppe.
 11707 | Orc:2    | Bought a +1 tower shield of fire resistance for 264 gold
                  | pieces
 11786 | Elf:1    | Entered Level 1 of the Elven Halls
 11786 | Elf:1    | Noticed a deep elf pyromancer
 11786 | Elf:1    | Noticed a deep elf zephyrmancer
 11786 | Elf:1    | Noticed a deep elf archer
 11786 | Elf:1    | Noticed a deep elf zephyrmancer
 11786 | Elf:1    | Noticed a deep elf archer
 11786 | Elf:1    | Noticed a deep elf archer
 11796 | Orc:2    | Killed a deep elf archer
 11797 | Orc:2    | Reached XP level 12. HP: 100/115 MP: 9/11
 12031 | D:10     | Entered Level 10 of the Dungeon
 12213 | D:10     | Identified the +5 hand axe of Vuygach {pain, Int+3}
 12251 | D:10     | Noticed a two-headed ogre
 12251 | D:10     | Noticed a two-headed ogre
 12262 | D:10     | Reached skill level 10 in Fighting
 12265 | D:10     | Killed a two-headed ogre
 12272 | D:10     | Killed a two-headed ogre
 12283 | D:10     | Reached ****** piety under Okawaru
 12284 | D:10     | Reached skill level 5 in Dodging
 12488 | D:10     | Found Faxzy's Antique Weapon Shoppe.
 12657 | D:11     | Received a gift from Okawaru
 12671 | D:11     | Noticed a boulder beetle
 12692 | D:11     | Killed a boulder beetle
 12759 | D:11     | Found a transporter.
 12772 | D:11     | Found a staircase to the Lair.
 13310 | D:12     | Identified the +2 cloak of the Akabeko {Int+2}
 13389 | D:12     | Received a gift from Okawaru
 13533 | Lair:1   | Entered Level 1 of the Lair of Beasts
 13636 | Lair:1   | Found a transporter.
 13643 | Lair:1   | Found a transporter.
 13644 | Lair:1   | Noticed a boulder beetle
 13644 | Lair:1   | Noticed a boulder beetle
 13678 | Lair:1   | Killed a boulder beetle
 13679 | Lair:1   | Reached skill level 1 in Invocations
 13682 | Lair:1   | Killed a boulder beetle
 13759 | Lair:1   | Reached XP level 13. HP: 124/124 MP: 14/14
 13796 | Lair:1   | Received a gift from Okawaru
 13918 | Lair:1   | Reached skill level 5 in Invocations
 14303 | Lair:1   | Reached skill level 10 in Axes
 14415 | Lair:1   | Found a bloodstained altar of Trog.
 14620 | Lair:1   | Noticed Gastronok
 14625 | Lair:1   | Received a gift from Okawaru
 14637 | Lair:1   | Killed Gastronok
 15070 | Lair:2   | Received a gift from Okawaru
 15230 | Lair:2   | Reached skill level 10 in Invocations
 15658 | Lair:2   | Reached XP level 14. HP: 120/133 MP: 20/20
 16218 | Lair:3   | Received a gift from Okawaru
 16811 | Lair:3   | Found a hole to the Spider Nest.
 16863 | Lair:3   | Found a staircase to the Swamp.
 17224 | Lair:3   | You fall into a shaft and drop 2 floors!
 17224 | Lair:5   | Entered Level 5 of the Lair of Beasts
 17314 | Lair:4   | Found a viscous altar of Jiyva.
 17317 | Lair:4   | Reached skill level 1 in Shapeshifting
 17317 | Lair:4   | Received a gift from Okawaru
 17765 | Lair:4   | Found a staircase to the Slime Pits.
 18153 | Lair:5   | Received a gift from Okawaru
 18230 | Lair:5   | Reached skill level 5 in Shapeshifting
 18370 | Lair:5   | Received a gift from Okawaru
 18435 | Lair:4   | Acquired the +1 cloak "Coapif" {Fly rPois Will+ Stlth-}
 18435 | Lair:4   | Received a gift from Okawaru
 18455 | Lair:4   | Acquired a +2 broad axe of flaming
 18455 | Lair:4   | Received a gift from Okawaru
 18959 | Lair:5   | Reached XP level 15. HP: 128/140 MP: 21/21
 19035 | Lair:5   | Received a gift from Okawaru
 19184 | Lair:5   | Reached skill level 11 in Fighting
 19545 | Swamp:1  | Entered Level 1 of the Swamp
 19984 | Swamp:1  | Reached skill level 10 in Shields
 20202 | Swamp:2  | Reached skill level 12 in Fighting
 20410 | Swamp:2  | Received a gift from Okawaru
 20428 | Swamp:2  | Noticed a thorn hunter
 20436 | Swamp:2  | Killed a thorn hunter
 21078 | Swamp:2  | Reached skill level 13 in Fighting
 21593 | Swamp:3  | Received a gift from Okawaru
 21594 | Swamp:3  | Reached skill level 10 in Armour
 21658 | Swamp:3  | Noticed Jorgrun
 21678 | Swamp:3  | Killed Jorgrun
 21772 | Swamp:3  | Reached skill level 14 in Fighting
 21866 | Swamp:3  | Noticed Mlioglotl
 21879 | Swamp:3  | Killed Mlioglotl
 21879 | Swamp:3  | Received a gift from Okawaru
 22209 | Swamp:4  | Entered Level 4 of the Swamp
 22297 | Swamp:4  | Reached skill level 15 in Fighting
 22298 | Swamp:4  | Noticed the 27-headed Lernaean hydra
 22314 | Swamp:3  | Killed the 22-headed Lernaean hydra
 22315 | Swamp:3  | Reached XP level 16. HP: 49/163 MP: 16/22
 22493 | Swamp:4  | Reached skill level 16 in Fighting
 22494 | Swamp:4  | Received a gift from Okawaru
 22521 | Swamp:4  | Got a decaying rune of Zot
 22589 | Swamp:4  | Paralysed by a fenstrider witch for 5 turns
 23124 | Spider:1 | Entered Level 1 of the Spider Nest
 23154 | Spider:1 | Reached skill level 17 in Fighting
 23557 | Lair:3   | Received a gift from Okawaru
 24469 | Spider:1 | Reached skill level 18 in Fighting
 25056 | Spider:2 | Received a gift from Okawaru
 25213 | Spider:2 | Identified the +3 mace of Jiorghefu {spect, rN++}
 25252 | Spider:2 | Reached skill level 19 in Fighting
 25396 | Spider:2 | Gained mutation: Potions are less effective at restoring
                  | your health. [mutagenic glow]
 25477 | Spider:2 | Found the +16 obsidian axe {drain, demonic, Mesm ^Drain Fly
                  | SInv}
 25765 | Arena    | Entered the Arena
 25798 | Spider:2 | Reached skill level 10 in Dodging
 25804 | Spider:2 | Reached XP level 17. HP: 45/184 MP: 12/23
 26105 | Spider:2 | Reached skill level 20 in Fighting
 26184 | Spider:2 | Received a gift from Okawaru
 26222 | Spider:2 | Paralysed by a jorogumo for 3 turns
 26822 | Arena    | Entered the Arena
 27073 | Spider:3 | Noticed Mara
 27089 | Spider:3 | Killed Mara
 27455 | Spider:4 | Entered Level 4 of the Spider Nest
 27600 | Spider:4 | Received a gift from Okawaru
 27887 | Spider:4 | Gained mutation: You occasionally lose the ability to drink
                  | potions when taking damage. [mutagenic glow]
 28312 | Spider:4 | Received a gift from Okawaru
 28944 | Spider:4 | Got a gossamer rune of Zot
 29283 | Orc:2    | Bought the +8 Wrath of Trog {antimagic, *Rage Rampage} for
                  | 1120 gold pieces
 29283 | Orc:2    | Found the +8 Wrath of Trog {antimagic, *Rage Rampage}
 29353 | Orc:2    | Lost mutation: Potions are less effective at restoring your
                  | health. [potion of mutation]
 29353 | Orc:2    | Lost mutation: You are partially covered in iridescent
                  | scales. (AC +2) [potion of mutation]
 29353 | Orc:2    | Lost mutation: You are robust. (+10% HP) [potion of
                  | mutation]
 29353 | Orc:2    | Gained mutation: Your magical capacity is low. (-10% MP)
                  | [potion of mutation]
 29353 | Orc:2    | Gained mutation: You are strong-willed. (Will+) [potion of
                  | mutation]
 29896 | Elf:1    | Paralysed by an air elemental for 1 turns
 29899 | Elf:1    | Received a gift from Okawaru
 29983 | Elf:1    | Noticed infcreate's ghost (adept DECj)
 29984 | Elf:1    | Found a runed translucent gate.
 29984 | Elf:1    | Found a runed translucent gate.
 29984 | Elf:1    | Found a runed translucent gate.
 30001 | Elf:1    | Reached XP level 18. HP: 171/171 MP: 0/21
 30013 | Elf:1    | Killed infcreate's ghost
 30091 | Elf:1    | Got the Incunabulum of the Bull
 30126 | Elf:1    | Noticed Zenata
 30138 | Elf:1    | Killed Zenata
 30477 | Elf:1    | Paralysed by an air elemental for 1 turns
 30480 | Elf:1    | Paralysed by an air elemental for 1 turns
 30624 | Elf:1    | Got Donif's Quarto of Allied Bolts
 30803 | Elf:1    | Reached skill level 15 in Axes
 31006 | Elf:2    | Identified the serpent talisman of Noxkaepu {rN++ Str-2
                  | SInv}
 31006 | Elf:2    | Noticed Aizul
 31021 | Elf:2    | Killed Aizul
 31054 | Elf:2    | Received a gift from Okawaru
 31679 | Elf:2    | Noticed Louise
 31801 | Elf:2    | Killed Louise
 31954 | Elf:2    | Found a runed translucent gate.
 31955 | Elf:2    | Found a runed translucent gate.
 31955 | Elf:2    | Found a runed translucent gate.
 32445 | Arena    | Entered the Arena
 32461 | Elf:2    | HP: 7/178 [poisoned by a +2 trident of venom]
 32461 | Elf:2    | Annihilated by a +2 antimagic lajatang

Illustrated notes

Levels and vault maps discovered:
D:1:      minmay_arrival_arboretum_large, layout_basic, minmay_misc_feat_room,
          minmay_misc_feat_cross, minmay_small_reverse_x
D:2:      kennysheep_the_goblin_king, layout_rooms, serial_shops,
          nicolae_shop_bloodbath_and_beyond
D:3:      layout_loops_ring
D:4:      layout_loops_ring, temple_hall, enter_ossuary_2, serial_shops,
          nicolae_shop_tiny_real_fake_doors
D:5:      layout_layer_cave, minmay_hollow_rounded_squares, uniq_menkaure,
          uniq_prince_ribbit1
D:6:      layout_rooms, portal_sewer_entry_a, uniq_edmund
D:7:      layout_loops_corners
D:8:      layout_basic, vehumet_crystals
D:9:      layout_basic, nicolae_overflows_in_rows, orc_0_dummy,
          chequers_serial_rivers_large_b
D:10:     layout_rooms, serial_shops, shop
D:11:     layout_gridville, lair_entry_dummy, nicolae_diode_basic
D:12:     lemuel_reptile_caves, layout_rooms, serial_curves, eino_curves_04,
          eino_curves_04, nicolae_water_bricks, uniq_snorg
Temple:   nicolae_temple_godpark
Lair:1:   gammafunk_boulding_lane, layout_loops_ring, lemuel_oklob_altar,
          grunt_megastairs_4, infiniplex_staircase_pool_2, lemuel_fruit_tree,
          uniq_gastronok
Lair:2:   minmay_lair_venomous_thicket, layout_regular_city, wad_woods_01,
          grunt_megastairs_3, serial_bayou_shore_a
Lair:3:   layout_small_grid, alex1729_swamp_entry_worm_eleionoma,
          nicolae_spider_entry_tight_spaces, nicolae_volcano_entry_hallway
Lair:4:   layout_gridlike, nicolae_slime_entry_field_trip
Lair:5:   minmay_lair_end_frog_pond, layout_regular_city,
          minmay_shattered_shrine
Swamp:1:  layout_basic_swamp, infiniplex_staircase_pool
Swamp:2:  layout_falls_marsh, hangedman_swamp_ruin_wall, swamp_pool_3,
          nicolae_swamp_oxbows, nicolae_swamp_dense_foliage,
          roderic_carrion_pond, nicolae_swamp_vermiculated
Swamp:3:  layout_basic_swamp, hangedman_swamp_lotus, uniq_jorgrun,
          uniq_mlioglotl
Swamp:4:  swamp, layout_basic_swamp
Spider:1: layout_spider_delve, portal_ice_cave_entry_ice_statue_two,
          hangedman_spider_mandibles, nicolae_spider_shape
Spider:2: layout_spider_delve, hangedman_spider_tarantella_strand
Spider:3: layout_spider_delve, uniq_mara
Spider:4: grunt_spider_rune_circles
Orc:1:    layout_diamond_mine, serial_shops, shop
Orc:2:    st_orc_rangers, layout_diamond_mine, serial_shops, shop, basic_altar
Elf:1:    minmay_elf_arrival_summoners, layout_rooms, gammafunk_ghost_split,
          minmay_elf_sorcery, palyth_stone_intersect, uniq_zenata
Elf:2:    nicolae_elf_blades_crystal_corner, layout_gridlike,
          minmay_misc_feat_five, uniq_louise, uniq_aizul

Skill      XL: |  1  2  3  4  5  6  7  8  9 10 11 12 13 14 15 16 17 18 |
---------------+-------------------------------------------------------+-----
Fighting       | 4 5 6 9 10 15 19 20 | 20.0
Axes           | 3 4 6 7 9 12 13 17 | 17.4
Armour         | 4 5 8 10 12 14 | 14.0
Shields        | 4 6 8 10 | 10.0
Dodging        | 1 2 3 4 8 10 14 | 14.1
Long Blades    | 8 12 14 | 14.0
Short Blades   | 1 |  1.1
Maces & Flails | 1 |  1.0
Evocations     | 2 5 8 |  8.0
Invocations    | 3 10 | 10.0
Shapeshifting  | 7 |  7.0
Polearms       | |  0.6
Staves         | |  0.8
Ranged Weapons | |  0.5
Throwing       | |  0.4
Unarmed Combat | |  0.6
Spellcasting   | |  0.2
Conjurations   | |  0.8
Hexes          | |  0.4
Summonings     | |  0.3
Necromancy     | |  0.5
Translocations | |  0.3
Fire Magic     | |  0.3
Ice Magic      | |  0.3
Air Magic      | |  0.3
Earth Magic    | |  0.4
Alchemy        | |  0.3

Action                     |  1- 3 |  4- 6 |  7- 9 | 10-12 | 13-15 | 16-18 || total
---------------------------+-------+-------+-------+-------+-------+-------++-------
  Melee: War axe           |   110 |    99 |    77 |       |       |       ||   286
         Headbutt          |    14 |    26 |    42 |   129 |   309 |   414 ||   934
         Long sword        |       |       |   178 |   547 |   989 |  1012 ||  2726
         Flail             |       |       |       |       |     2 |       ||     2
         Broad axe         |       |       |       |       |   117 |    69 ||   186
         Battleaxe         |       |       |       |       |       |   273 ||   273
  Throw: Throwing net      |       |       |       |       |     1 |       ||     1
 Invoke: Heroism           |       |       |       |     2 |     9 |    12 ||    23
         Finesse           |       |       |       |       |     5 |     8 ||    13
         Receive Weapon    |       |       |       |       |     1 |       ||     1
         Receive Armour    |       |       |       |       |     1 |       ||     1
         Duel              |       |       |       |       |       |     3 ||     3
  Evoke: Wand              |       |       |       |       |     1 |     1 ||     2
         Lightning rod     |       |       |       |       |       |     9 ||     9
         Condenser vane    |       |       |       |       |       |     2 ||     2
    Use: Scroll            |       |       |    17 |     6 |     9 |    13 ||    45
         Potion            |       |       |     5 |     2 |     5 |    12 ||    24
   Stab: Invisible         |       |       |       |       |     5 |     2 ||     7
         Distracted        |       |       |       |       |       |     2 ||     2
         Sleeping          |       |       |       |       |       |     1 ||     1
 Armour: Scale mail        |    87 |    43 |   115 |    75 |       |       ||   320
         Plate armour      |       |       |       |   185 |   753 |   439 ||  1377
         Leather armour    |       |       |       |       |       |   460 ||   460
  Dodge: Dodged            |    67 |    55 |   165 |   215 |   500 |  1015 ||  2017
  Block: Buckler           |    30 |    17 |    70 |    98 |       |       ||   215
         Tower shield      |       |       |       |   184 |  1179 |  1626 ||  2989
